 Dungeon Crawl Stone Soup version 0.21-a0-227-g58a7c62 (webtiles) character file.

8764 Kidiri the Thaumaturge (level 11, -1/55 HPs)
             Began as a Deep Elf Fire Elementalist on Aug 30, 2017.
             Shot with an arrow by a centaur (16 damage)
             ... on level 10 of the Dungeon.
             The game lasted 00:54:10 (10887 turns).

Kidiri the Thaumaturge (DEFE)                      Turns: 10887, Time: 00:54:10

Health: -1/55      AC:  5    Str:  5    XL:     11   Next: 14%
Magic:  27/29      EV: 17    Int: 24    God:
Gold:   562        SH:  0    Dex: 15    Spells: 16/34 levels left

rFire    + . .     SeeInvis .   M - +3 short sword
rCold    + . .     Gourm    .   (no shield)
rNeg     . . .     Faith    .   H - +0 robe {rF+}
rPois    .         Spirit   .   o - +2 hat
rElec    .         Reflect  .   (no cloak)
rCorr    .         Harm     .   (no gloves)
MR       +....                  F - +0 pair of boots
Stlth    ++........             (no amulet)
HPRegen  0.18/turn              m - ring of protection from cold
MPRegen  0.21/turn              e - +1 ring of evasion

@: no status effects
A: frail 1, mutation resistance 1, wild magic 1
a: no special abilities


You were on level 10 of the Dungeon.
You were not hungry.

You visited 2 branches of the dungeon, and saw 11 of its levels.

You collected 562 gold pieces.

Inventory:

Hand Weapons
 y - a +0 dagger of speed
 D - a +0 dagger of draining
 G - a +0 dagger of protection
 L - a +0 dagger of speed
 M - a +3 short sword (weapon)
Armour
 o - a +2 hat (worn)
 q - a +0 helmet
 w - a +1 robe of magic resistance
 F - a +0 pair of boots (worn)
 H - a +0 robe of fire resistance (worn)
 K - a +0 leather armour
Jewellery
 e - a +1 ring of evasion (right hand)
 m - a ring of protection from cold (left hand)
 u - a +3 ring of strength
Wands
 v - a wand of polymorph (23/24)
 z - a wand of digging (8/24)
 E - a wand of iceblast (0/15)
 N - a wand of flame (33/48)
Scrolls
 g - 2 scrolls of blinking
 h - 2 scrolls of immolation
 i - a scroll of enchant weapon
 k - a scroll of fog
 n - 2 scrolls of teleportation
 p - 6 scrolls of amnesia
 C - a scroll of recharging
Potions
 d - a potion of flight
 f - a potion of might
 j - 4 potions of lignification
 l - 2 potions of agility
 s - 3 potions of curing
 x - 3 potions of brilliance
 A - 2 potions of ambrosia {unknown}
 B - a potion of mutation {unknown}
 J - 3 potions of berserk rage {unknown}
Books
 b - a book of Flames

   Spells                             Type                      Level
   a - Flame Tongue                   Conjuration/Fire             1
   b - Throw Flame                    Conjuration/Fire             2
   c - Conjure Flame                  Conjuration/Fire             3
   d - Inner Flame                    Hexes/Fire                   3
   e - Sticky Flame                   Conjuration/Fire             4
   f - Fireball                       Conjuration/Fire             5
Comestibles
 a - 6 chunks of flesh
 c - 11 bread rations
 r - 3 royal jellies
 t - 7 meat rations
 I - 26 fruits


   Skills:
 + Level 4.8 Fighting
 + Level 5.4 Short Blades
 + Level 4.7 Armour
 + Level 7.0 Dodging
 - Level 2.4 Stealth
 * Level 12.4 Spellcasting
 + Level 7.1 Conjurations
 + Level 7.6 Fire Magic


You had 16 spell levels left.
You knew the following spells:

 Your Spells              Type           Power        Failure   Level  Hunger
a - Flame Tongue          Conj/Fire      #####        1%          1    None
b - Throw Flame           Conj/Fire      ######       1%          2    None
c - Conjure Flame         Conj/Fire      ######..     1%          3    None
d - Inner Flame           Hex/Fire       #####...     4%          3    None
e - Sticky Flame          Conj/Fire      ######..     3%          4    None
f - Fireball              Conj/Fire      ######....   9%          5    ###....


Dungeon Overview and Level Annotations

Branches:
Dungeon (10/15)            Temple (1/1) D:5            Lair (0/6) D:10
    Orc (0/2) D:10

Altars:
Ashenzari
Cheibriados
Dithmenos
Elyvilon
Fedhas
Gozag
Hepliaklqana
Kikubaaqudgha
Makhleb
Nemelex Xobeh
Okawaru
Qazlal
Ru
Sif Muna
Trog
Uskayaw
Vehumet
Wu Jian
Xom
Yredelemnul
Zin
The Shining One

Shops:
D:10 !


Innate Abilities, Weirdness & Mutations

You are frail. (-10% HP)
You are somewhat resistant to further mutation.
Your spells are a little harder to cast, but a little more powerful.


Message History

You hear a splash. x2
Unknown command.
A centaur comes into view.
The centaur moves out of view.
The centaur is engulfed in a cloud of scalding steam.
Found a glowing silver altar of Zin.
The centaur shouts!
The centaur wields a shortbow.
The centaur shoots an arrow.
The arrow hits you!
You see here an arrow.
Unknown command.
The centaur shoots an arrow.
The arrow hits you.
* * * LOW HITPOINT WARNING * * *
Some of the chunks of flesh in your inventory have rotted away.
You see here an arrow.
The centaur shouts!
The centaur wields a shortbow.
The centaur shoots an arrow.
The arrow hits you.
* * * LOW HITPOINT WARNING * * *
You see here an arrow.
The centaur shoots an arrow.
The arrow hits you!
You die...

≈≈.≈%≈≈≈...#....#
≈...≈≈≈....##.#
≈≈.≈≈≈≈....##.##
≈≈.≈≈≈≈≈.......#####
≈≈.≈≈≈≈≈....#...(..#
≈≈.≈.≈≈≈≈...##)#####
≈≈.≈.≈÷.....##∩(.# ≈
≈≈.≈.≈......####.#
#≈≈ ...........>#
#@###≈≈c#
...........##
#(.≈≈≈≈≈.
######.....#
#(.≈≈≈≈≈. #######
#(.c≈≈≈≈_ ##.≈≈≈≈≈.
.≈≈≈≈≈. .≈≈≈≈##
###≈≈≈# #≈≈≈


You could see a centaur.

Vanquished Creatures
  A two-headed ogre (D:10)
  Pikel (D:8)
  A troll (D:10)
  Grinder (D:3)
  2 hippogriffs
  11 yaks (D:10)
  Grum (D:8)
  Duvessa (D:6)
  A black bear (D:6)
  4 slaves (D:8)
  2 orc warriors
  2 sky beasts
  3 ogres
  A phantom (D:10)
  4 ice beasts
  5 wolves
  6 centaurs
  A big kobold (D:7)
  4 bullfrogs
  Dowan (D:6)
  6 scorpions
  6 killer bees (D:10)
  3 howler monkeys
  2 electric eels (D:10)
  2 crimson imps (D:7)
  A quasit (D:10)
  8 hounds
  3 jellies (D:6)
  3 bullfrog skeletons
  7 orc priests
  11 orc wizards
  Jessica (D:3)
  Natasha (thrice) (D:3)
  5 iguanas
  Terence (D:3)
  7 worker ants
  A killer bee zombie (D:9)
  A hound zombie (D:9)
  A hound skeleton (D:6)
  A worker ant zombie (D:8)
  Robin (D:2)
  13 adders
  7 gnolls
  A shadow imp (D:10)
  4 adder skeletons
  3 worms
  A dart slug (D:1)
  An adder simulacrum (D:9)
  2 leopard geckos
  36 orcs
  5 giant cockroaches
  16 goblins
  7 hobgoblins
  16 jackals
  13 kobolds
  3 quokkas
  3 ball pythons
  9 bats
  5 frilled lizards
  A jackal zombie (D:9)
  A quokka skeleton (D:9)
  5 rats
279 creatures vanquished.

Vanquished Creatures (others)
  A bullfrog skeleton (D:7)
1 creature vanquished.

Grand Total: 280 creatures vanquished

Notes
Turn   | Place    | Note
-------+----------+-------------------------------------------
     0 | D:1      | Kidiri the Deep Elf Fire Elementalist began the quest for the Orb.
     0 | D:1      | Reached XP level 1. HP: 10/10 MP: 6/6
    60 | D:1      | Reached XP level 2. HP: 15/15 MP: 2/8
    64 | D:1      | Learned a level 2 spell: Throw Flame
   363 | D:1      | Reached skill level 4 in Spellcasting
   457 | D:1      | Reached XP level 3. HP: 19/19 MP: 8/10
   611 | D:1      | Learned a level 3 spell: Conjure Flame
   615 | D:1      | Learned a level 3 spell: Inner Flame
  1040 | D:2      | Found a sacrificial altar of Ru.
  1050 | D:2      | Reached XP level 4. HP: 18/24 MP: 3/12
  1505 | D:2      | Noticed Robin
  1512 | D:2      | Reached skill level 5 in Spellcasting
  1521 | D:2      | Killed Robin
  1749 | D:2      | Learned a level 4 spell: Sticky Flame
  2066 | D:3      | Found a shadowy altar of Dithmenos.
  2079 | D:3      | Found a hide-covered altar of Uskayaw.
  2089 | D:3      | Reached XP level 5. HP: 28/28 MP: 8/15
  2200 | D:3      | Noticed Natasha
  2207 | D:3      | Killed Natasha
  2220 | D:3      | Noticed Grinder
  2229 | D:3      | Paralysed by Grinder for 4 turns
  2232 | D:3      | Killed Grinder
  2232 | D:3      | Reached skill level 6 in Spellcasting
  2232 | D:3      | Reached XP level 6. HP: 28/32 MP: 4/17
  2238 | D:3      | Found an ornate altar of the Wu Jian Council.
  2281 | D:3      | Noticed Natasha
  2287 | D:3      | Killed Natasha
  2287 | D:3      | Reached skill level 7 in Spellcasting
  2346 | D:3      | Noticed Natasha
  2378 | D:3      | Noticed Jessica
  2385 | D:3      | Killed Jessica
  2415 | D:3      | Killed Natasha
  2552 | D:3      | Learned a level 5 spell: Fireball
  2558 | D:3      | Noticed Terence
  2569 | D:3      | Killed Terence
  2956 | D:4      | Reached XP level 7. HP: 28/36 MP: 1/20
  3106 | D:4      | Reached skill level 5 in Fire Magic
  3205 | D:4      | Reached skill level 8 in Spellcasting
  3407 | D:4      | Reached skill level 1 in Short Blades
  3725 | D:4      | Reached skill level 1 in Armour
  4015 | D:5      | Entered Level 5 of the Dungeon
  4035 | D:5      | Reached skill level 1 in Fighting
  4135 | D:5      | Found a stormy altar of Qazlal.
  4362 | D:5      | Noticed a hippogriff
  4382 | D:5      | Killed a hippogriff
  4382 | D:5      | Reached XP level 8. HP: 44/44 MP: 10/22
  4883 | D:5      | Found a staircase to the Ecumenical Temple.
  4895 | Temple   | Entered the Ecumenical Temple
  5347 | D:5      | Found a sacrificial altar of Ru.
  5860 | D:6      | Reached skill level 9 in Spellcasting
  6107 | D:6      | Noticed Dowan
  6186 | D:6      | Noticed Duvessa
  6202 | D:6      | Killed Duvessa
  6202 | D:6      | Reached skill level 5 in Conjurations
  6265 | D:6      | Killed Dowan
  6563 | D:7      | Reached XP level 9. HP: 49/49 MP: 15/24
  6697 | D:7      | Found a sparkling altar of Nemelex Xobeh.
  6731 | D:7      | Found a shadowy altar of Dithmenos.
  7244 | D:8      | Reached skill level 10 in Spellcasting
  7345 | D:8      | Reached skill level 5 in Dodging
  7473 | D:8      | Found a glowing golden altar of the Shining One.
  7531 | D:8      | Found a radiant altar of Vehumet.
  7751 | D:8      | Noticed Pikel
  7752 | D:8      | Noticed Grum
  7766 | D:8      | Killed Pikel
  7766 | D:8      | Killed Grum
  7996 | D:8      | Found a snail-covered altar of Cheibriados.
  7996 | D:8      | Found an iron altar of Okawaru.
  8050 | D:8      | Reached XP level 10. HP: 56/56 MP: 14/26
  8533 | D:9      | Reached skill level 11 in Spellcasting
  9493 | D:10     | Entered Level 10 of the Dungeon
  9934 | D:10     | Noticed a two-headed ogre
  9948 | D:10     | Killed a two-headed ogre
  9964 | D:10     | Reached skill level 5 in Short Blades
  9973 | D:10     | Gained mutation: You are frail. (-10% HP) [mutagenic meat]
  9974 | D:10     | Gained mutation: You are somewhat resistant to further mutation. [mutagenic meat]
  9976 | D:10     | Gained mutation: Your spells are a little harder to cast, but a little more powerful. [mutagenic meat]
 10067 | D:10     | Found a staircase to the Orcish Mines.
 10193 | D:10     | Found a staircase to the Lair.
 10351 | D:10     | Reached skill level 12 in Spellcasting
 10644 | D:10     | Reached XP level 11. HP: 37/55 MP: 25/29
 10678 | D:10     | Found Veapnouss's Distillery.
 10881 | D:10     | Found a glowing silver altar of Zin.
 10887 | D:10     | Shot with an arrow by a centaur

Vault maps used:
D:1:      elethiomel_arrival_shortcut, minmay_tromino_v4_c
D:2:      minmay_misc_feat_tower, nicolae_ru_great_annihilating_truth,
          uniq_robin
D:3:      lemuel_crystal_altar, lemuel_coloured_pillars_altar,
          lemuel_tele_altar, uniq_jessica, uniq_grinder, uniq_natasha,
          uniq_terence
D:5:      nicolae_overflow_crystal_walls, marbit_many_paths, temple_hall,
          first_bread
D:6:      minivault_14, kennysheep_generic_room_15, uniq_duvessa
D:7:      nemelex_altar_shiori, nicolae_dithmenos_shadow_blocks,
          grunt_ogre_cave, dk_vineyard_1, hangedman_abyss_or_decor_lesser_grid
D:8:      gammafunk_temple_overflow_elements, tso_oasis_becter, basic_altar,
          uniq_pikel, uniq_grum
D:9:      hangedman_weighted_door
D:10:     erik_lair_island, orc_0_dummy, serial_shops, shop,
          lemuel_centaur_altar, uniq_fannar
Temple:   nicolae_temple_figure_eight

Skill      XL: |  1  2  3  4  5  6  7  8  9 10 11 |
---------------+----------------------------------+-----
Spellcasting   | 4 5 6 7 8 9 10 12 | 12.4
Conjurations   | 2 3 4 5 7 |  7.1
Fire Magic     | 4 5 6 7 |  7.6
Short Blades   | 1 3 4 5 |  5.4
Dodging        | 3 4 5 6 7 |  7.0
Armour         | 1 2 3 4 |  4.7
Fighting       | 1 2 3 4 |  4.8
Stealth        | |  2.4

Action                   |  1- 3 |  4- 6 |  7- 9 | 10-12 || total
-------------------------+-------+-------+-------+-------++-------
Melee: Short sword       |     2 |    28 |    15 |    10 ||    55
       Unarmed           |       |    11 |       |       ||    11
       Dagger            |       |       |    27 |    49 ||    76
 Cast: Flame Tongue      |    45 |    80 |   193 |   139 ||   457
       Throw Flame       |     2 |    14 |    44 |    20 ||    80
       Conjure Flame     |       |     3 |    19 |     9 ||    31
       Sticky Flame      |       |     7 |    19 |    15 ||    41
       Inner Flame       |       |     2 |    14 |    11 ||    27
       Fireball          |       |       |     2 |     4 ||     6
Evoke: Wand              |       |       |     2 |       ||     2
  Use: Scroll            |     5 |    12 |     8 |     2 ||    27
       Potion            |       |     1 |     2 |     2 ||     5
 Stab: Sleeping          |       |     3 |       |     1 ||     4
  Eat: Chunk             |       |     7 |    16 |    15 ||    38
Armor: Robe              |     1 |    10 |    22 |    18 ||    51
       Skin              |       |     1 |       |       ||     1
Dodge: Dodged            |    17 |    55 |    84 |    95 ||   251

Table legend:
 A = Spawn XP
 B = Non-spawn XP
 C = Spawn XP percentage of total XP
 D = Spawn monster count
 E = Non-spawn monster count
 F = Spawn count percentage of total count
 G = Total turns spent on level
                    A         B        C        D         E        F      G
               +---------+---------+-------+---------+---------+-------+---------
         Total |    1680 |   10840 |  13.4 |      27 |     248 |   9.8 | 10887
               +---------+---------+-------+---------+---------+-------+---------
           D:1 |       1 |      56 |   1.8 |       1 |      24 |   4.0 |  1042
           D:2 |      11 |     118 |   8.5 |       6 |      30 |  16.7 |  1025
           D:3 |       0 |     494 |   0.0 |       0 |      17 |   0.0 |   883
           D:4 |      43 |     398 |   9.8 |       3 |      21 |  12.5 |  1067
           D:5 |      89 |     512 |  14.8 |       4 |      18 |  18.2 |  1414
           D:6 |       0 |     993 |   0.0 |       0 |      25 |   0.0 |   987
           D:7 |      75 |     868 |   8.0 |       3 |      16 |  15.8 |   759
           D:8 |      36 |    2068 |   1.7 |       1 |      26 |   3.7 |  1231
           D:9 |      72 |     661 |   9.8 |       1 |      21 |   4.5 |  1112
          D:10 |    1353 |    4672 |  22.5 |       8 |      50 |  13.8 |  1140
               +---------+---------+-------+---------+---------+-------+---------
